 Dungeon Crawl Stone Soup version 0.27-a0-931-g5a74e75d8f (webtiles) character file.

Game seed: 1406144206562044185

85 dickylongcocking the Magician (level 4, -6/33 HPs)
             Began as a Djinni Fire Elementalist on Apr 10, 2021.
             Mangled by a hornet zombie (9 damage)
             ... on level 3 of the Dungeon.
             The game lasted 00:02:25 (4413 turns).

dickylongcocking the Magician (DjFE)                Turns: 4413, Time: 00:02:26

Health: -6/33      AC:  2    Str:  7    XL:     4   Next: 48%
Gold:   43         EV: 12    Int: 18    God:
                   SH:  0    Dex: 13

rFire    + + .     SeeInvis .   d - +0 dagger
rCold    x . .     Faith    .   (no shield)
rNeg     . . .     Spirit   .   a - +0 robe
rPois    ∞         Reflect  .   (no helmet)
rElec    .         Harm     .   (no cloak)
rCorr    .         Rampage  .   (no gloves)
Will     .....                  (boots unavailable)
Stlth    ++........             (no amulet)
HPRegen  0.11/turn              (no ring)
MPRegen  0.00/turn              (no ring)

@: attractive, flying
A: fire resistance 2, cold vulnerability 1, float, innate caster, hp casting,
extra vitality 1
a: no special abilities


You were on level 3 of the Dungeon.
You visited 1 branch of the dungeon, and saw 3 of its levels.

You collected 43 gold pieces.

Inventory:

Hand Weapons
 d - a +0 dagger (weapon)
Armour
 a - a +0 robe (worn)
Wands
 h - a wand of flame (18)
Scrolls
 c - a scroll of magic mapping {unknown}
Potions
 e - a potion of degeneration {unknown}


   Skills:
 * Level 1.7 Fighting
 - Level 2.5 Dodging
 - Level 1.7 Stealth
 * Level 3.8 Spellcasting


You couldn't memorise any spells.
You knew the following spells:

 Your Spells              Type           Power      Damage    Failure   Level
a - Foxfire               Conj/Fire      68%        2x1d7     3%          1
b - Conjure Flame         Conj/Fire      17%        6-21      9%          3
c - Inner Flame           Hex/Fire       17%        N/A       9%          3
d - Sticky Flame          Conj/Fire      17%        2d4       30%         4
e - Fireball              Conj/Fire      8%         3d6       63%         5
f - Beastly Appendage     Tmut           34%        N/A       3%          1
Your spell library was empty.

Dungeon Overview and Level Annotations

Branches:
Dungeon (3/15)

Altars:


Innate Abilities, Weirdness & Mutations

You are immune to poison.
Your flesh is very heat resistant. (rF++)
You are vulnerable to cold. (rC-)
You float through the air rather than walking.
You learn spells naturally, not from books.
Your magical power is your life essence.
You have superior vitality. (+4 HP)


Message History

You see here 7 gold pieces.
Casting: Sticky Flame (extremely dangerous; 30% risk of failure)
Confirm with . or Enter, or press ? or * to list all spells.
You conjure some foxfire!
The hornet zombie burns!
The hornet zombie barely misses you.
Unknown command.
Unknown command.
The hornet zombie burns!
The foxfire hits the hornet zombie.
The hornet zombie is heavily damaged.
The foxfire hits the hornet zombie.
The hornet zombie is severely damaged.
The hornet zombie hits you.
Casting: Foxfire (safe; 3% risk of failure)
Confirm with . or Enter, or press ? or * to list all spells.
You conjure some foxfire!
The hornet zombie burns!
The hornet zombie hits you.
Unknown command.
Unknown command.
Unknown command.
You hit the hornet zombie but do no damage.
The hornet zombie is severely damaged.
The hornet zombie burns!
The foxfire hits the hornet zombie.
The hornet zombie is almost destroyed.
The foxfire hits the hornet zombie but does no damage.
The hornet zombie is almost destroyed.
The hornet zombie hits you!
* * * LOW HITPOINT WARNING * * *
Unknown command.
Okay, then.
Casting: Foxfire (safe; 3% risk of failure)
Confirm with . or Enter, or press ? or * to list all spells.
The spell is extremely dangerous to cast (30% risk of failure)!
Continue anyway?
Aiming: Sticky Flame (extremely dangerous; 30% risk of failure)
Press: ? - help, Shift-Dir - straight line, f/p - hornet zombie
Aim: a hornet zombie (almost destroyed, covered in liquid flames, 0% to evade)
The sticky flame hits the hornet zombie.
The hornet zombie is almost destroyed.
The hornet zombie is covered in liquid flames!
* * * LOW HITPOINT WARNING * * *
The hornet zombie burns!
The hornet zombie hits you!
You die...

### .# #..... #.. #..###
####.#### .######..###
#.......# .........†..
#.##.##.###########.###. ..
..##.#..$....(......##.# #..
#.##.........######.#.## #..##
#.####Z.§............##
......##.####.@#....########.##
#..............# #... ##.#
#...#.#..##.#.## .> ##.
..........#.#... ..# #.
.##........##### ...# #.
#..#...#.# #...# #. #..#...#.#
#...# ##
..........######...##### #
..###.#..#.†............. #


You could see a hornet zombie (burning).

Vanquished Creatures
  3 adders (D:2)
  A dart slug (D:2)
  8 ball pythons
  An endoplasm (D:2)
  3 giant cockroaches
  6 goblins
  4 hobgoblins
  8 jackals (D:1)
  3 quokkas
  A bat (D:2)
  A frilled lizard (D:1)
  4 kobolds
  7 rats
50 creatures vanquished.

Vanquished Creatures (collateral kills)
  2 foxfires (D:2)
2 creatures vanquished.

Vanquished Creatures (others)
  161 foxfires
161 creatures vanquished.

Grand Total: 213 creatures vanquished

Notes
Turn   | Place    | Note
-------+----------+-------------------------------------------
     0 | D:1      | dickylongcocking the Djinni Fire Elementalist began the
                  | quest for the Orb.
     0 | D:1      | Reached XP level 1. HP: 15/15 MP: 0/0
   212 | D:1      | Reached skill level 3 in Spellcasting
   212 | D:1      | Reached XP level 2. HP: 5/21 MP: 0/0
  1379 | D:1      | Reached XP level 3. HP: 24/25 MP: 0/0
  1379 | D:1      | Learned a level 1 spell: Beastly Appendage
  2496 | D:2      | Reached skill level 1 in Fighting
  2949 | D:2      | Reached XP level 4. HP: 11/32 MP: 0/0
  3213 | D:2      | Found a faded altar of an unknown god.
  4413 | D:3      | Mangled by a hornet zombie

Illustrated notes

Levels and vault maps discovered:
D:1:      amcnicky_arrival_choice, layout_basic, hangedman_feature_mirror
D:2:      cheibrodos_old_hovel, layout_basic, hellmonk_ecumenical_altar_zigzags
D:3:      layout_loops_cross, chequers_arboretum

Skill      XL: |  1  2  3 |
---------------+----------+-----
Spellcasting   | 3 |  3.8
Fighting       | 1 |  1.7
Dodging        | |  2.5
Stealth        | |  1.7

Action                   |  1- 3 |  4- 6 || total
-------------------------+-------+-------++-------
Melee: Unarmed           |     2 |       ||     2
       Dagger            |    23 |    21 ||    44
 Cast: Foxfire           |    80 |    26 ||   106
       Sticky Flame      |       |     2 ||     2
  Use: Potion            |       |     3 ||     3
 Stab: Sleeping          |     2 |       ||     2
Armor: Robe              |     7 |     5 ||    12
Dodge: Dodged            |    48 |    22 ||    70

Table legend: (Time is in decaauts)
 A = Elapsed time spent in this place.
 B = Non-inter-level travel time spent in this place.
 C = Inter-level travel time spent in this place.
 D = Time resting spent in this place.
 E = Time spent auto-exploring this place.
 F = Levels seen in this place.
 G = Mean time per level.
                   A        B        C        D        E       F      G
               +--------+--------+--------+--------+--------+-----+--------+
         Total |   4411 |   4336 |     75 |    674 |   3284 |   3 | 1470.3 |
       Dungeon |   4411 |   4336 |     75 |    674 |   3284 |   3 | 1470.3 |
               +--------+--------+--------+--------+--------+-----+--------+

Top non-repeatable levels by time:
     D:1: 2113 daAuts
     D:2: 1874 daAuts
     D:3: 423 daAuts
